 Dungeon Crawl Stone Soup version 0.13-a0-1804-g486adc7 (webtiles) character file.

165 4tharraofdagon the Ruffian (level 4, -11/44 HPs)
             Began as a Troll Monk on June 24, 2013.
             Was a Believer of Makhleb.
             Engulfed by a cloud of blessed fire (31 damage)
             ... on Level 5 of the Dungeon.
             The game lasted 00:03:05 (820 turns).

4tharraofdagon the Ruffian (Troll Monk)              Turns: 820, Time: 00:03:05

HP -11/44        AC  5     Str 19      XL: 4   Next: 24%
MP   0/1         EV 10     Int  9      God: Makhleb [**....]
Gold 81          SH  0     Dex 12      Spells:  0 memorised,  3 levels left

Res.Fire  : . . .   See Invis. : .     - Unarmed
Res.Cold  : . . .   Warding    : .   a - +0 robe
Life Prot.: . . .   Conserve   : .   (shield restricted)
Res.Poison: .       Res.Corr.  : .   (helmet restricted)
Res.Elec. : .       Clarity    : .   (no cloak)
Sust.Abil.: . .     Spirit.Shd : +   (gloves unavailable)
Res.Mut.  : .       Stasis     : .   (boots unavailable)
Res.Rott. : .       Flight     : .   u - amulet of guardian spirit
Gourmand  : +                        (no ring)
                                     l - +2 ring of intelligence

@: slightly resistant to hostile enchantments, unstealthy
A: unfitting armour, claws 3, fast metabolism 3, gourmand, regeneration 2,
saprovore 2, tough skin 2, AC +1
a: Minor Destruction, Renounce Religion


You were on level 5 of the Dungeon.
You worshipped Makhleb.
Makhleb was most pleased with you.
You were very full.

You visited 1 branch of the dungeon, and saw 5 of its levels.

You collected 81 gold pieces.

Inventory:

Armour
 a - a +0 robe (worn)
Magical devices
 p - a wand of lightning (5) {unknown}
 s - a wand of magic darts (12) {unknown}
Comestibles
 b - 2 meat rations
 f - 2 bread rations
 t - a pear
Scrolls
 c - a scroll of remove curse {unknown}
 j - a scroll of teleportation {unknown}
 k - a scroll of enchant weapon I {unknown}
 n - 2 scrolls of amnesia {unknown}
 q - 2 scrolls of identify {unknown}
 r - a scroll of curse weapon {unknown}
Jewellery
 e - an uncursed amulet of guardian spirit
 l - a +2 ring of intelligence (left claw)
 u - an amulet of guardian spirit (around neck)
Potions
 d - a potion of heal wounds {unknown}
 g - 4 potions of curing {unknown}
 h - a potion of flight {unknown}
 i - a potion of paralysis {unknown}
 m - a potion of agility {unknown}
 o - a potion of confusion {unknown}
 v - a potion of magic {unknown}


   Skills:
 + Level 2.7 Fighting
 + Level 3.0 Dodging
 - Level 1.1 Stealth
 * Level 4.8 Unarmed Combat
 + Level 0.3 Spellcasting
 + Level 0.5 Invocations


You had 3 spell levels left.
You didn't know any spells.

Dungeon Overview and Level Annotations

Branches:
Dungeon (5/27)
 Temple: D:4-7

Altars:
Makhleb
Yredelemnul
the Shining One


Innate Abilities, Weirdness & Mutations

You are too large for most types of armour.
You have claws for hands.
Your metabolism is lightning-fast.
You like to eat raw meat.
You heal very quickly.
You can eat rotten meat.
You are covered in fur (AC +1).
You have very tough skin (AC +2).


Message History

There is an open door here.
u - a dented cameo amulet Put on which piece of jewellery? (? for menu, Esc to quit)
You feel your power drawn to a protective spirit.
u - an amulet of guardian spirit (around neck)
There is an open door here.
You close the door.
You open the door.
Found a purple potion.
Found a glowing golden altar of the Shining One.
There is an open door here.
Really walk into that cloud of blessed fire?
Really walk into a travel-excluded area?
You are engulfed in blessed fire.
Ouch! That really hurt!
You see here a purple potion.
v - a purple potion You are engulfed in blessed fire.
Ouch! That really hurt!
You die...

#### ##A## #### #§.§#
########## #._.#
#........# #§.§#
#........# #...#
#........# #@.§#
#........#
#...#####........#
###'###...........#
###.....#............
#..........<........#
#.#)....#............
# ###+###...........#
#...###.#####.####
#§.§# #.# #.#


You could see an angel.

Vanquished Creatures
  A worker ant (D:4)
  3 worms
  An ooze (D:3)
  5 orcs
  4 goblins (D:3)
  2 hobgoblins
  4 jackals (D:2)
  5 bats
  A giant cockroach (D:2)
  2 giant geckos
  A giant newt (D:2)
  A kobold (D:1)
  3 rats
33 creatures vanquished.

Vanquished Creatures (others)
  A kobold (D:2)
1 creature vanquished.

Grand Total: 34 creatures vanquished

Notes
Turn   | Place    | Note
--------------------------------------------------------------
     0 | D:1      | 4tharraofdagon, the Troll Monk, began the quest for the Orb.
     0 | D:1      | Reached XP level 1. HP: 20/20 MP: 0/0
   100 | D:2      | Reached XP level 2. HP: 25/28 MP: 0/0
   271 | D:3      | Found a burning altar of Makhleb.
   343 | D:3      | Became a worshipper of Makhleb the Destroyer
   343 | D:3      | Acquired Makhleb's first power
   343 | D:3      | Acquired Makhleb's second power
   431 | D:4      | Reached XP level 3. HP: 32/35 MP: 1/1
   663 | D:4      | Reached XP level 4. HP: 44/44 MP: 1/1
   721 | D:5      | Entered Level 5 of the Dungeon
   790 | D:4      | Noticed a slave
   794 | D:4      | Noticed a slave
   802 | D:5      | Found a basalt altar of Yredelemnul.
   803 | D:5      | Noticed a profane servitor
   816 | D:5      | Found a glowing golden altar of the Shining One.
   817 | D:5      | Noticed an angel
   820 | D:5      | Engulfed by a cloud of blessed fire

Action                   |  1- 3 |  4- 6 || total
-------------------------+-------+-------++-------
Melee: Unarmed           |    83 |    26 ||   109
